 Dungeon Crawl Stone Soup version 0.13.0-3-g966e3ec (webtiles) character file.

1971 HungrySpirit the Covert (level 8, 0/36 HPs)
             Began as a Spriggan Enchanter on Oct 13, 2013.
             Was a Believer of Okawaru.
             Killed from afar by Psyche (5 damage)
             ... with a puff of flame
             ... on Level 8 of the Dungeon.
             The game lasted 00:32:15 (8988 turns).

HungrySpirit the Covert (Spriggan Enchanter)        Turns: 8988, Time: 00:32:16

HP   0/36        AC  4     Str  6      XL: 8   Next: 79%
MP   5/23        EV 20     Int 17      God: Okawaru [**....]
Gold 210         SH  0     Dex 16      Spells:  2 memorised, 12 levels left

Res.Fire  : . . .   See Invis. : +   a - +4,+2 dagger (curse) {=f}
Res.Cold  : . . .   Warding    : .   b - +2 robe (curse)
Life Prot.: . . .   Conserve   : .   (shield restricted)
Res.Poison: .       Res.Corr.  : .   (helmet restricted)
Res.Elec. : .       Clarity    : .   (no cloak)
Sust.Abil.: . .     Spirit.Shd : .   (gloves unavailable)
Res.Mut.  : .       Stasis     : .   (boots unavailable)
Res.Rott. : .       Flight     : .   (no amulet)
Saprovore : . . .                    (no ring)
                                     (no ring)

@: very slightly contaminated, very quick, somewhat resistant to hostile
enchantments, very stealthy
A: unfitting armour, see invisible, herbivore 3, speed 3, slow metabolism 2
a: Heroism, Renounce Religion


You were on level 8 of the Dungeon.
You worshipped Okawaru.
Okawaru was pleased with you.
You were not hungry.

You visited 2 branches of the dungeon, and saw 9 of its levels.

You collected 190 gold pieces.

Inventory:

Hand weapons
 a - a cursed +4,+2 dagger (weapon) {=f}
Missiles
 d - 52 darts (quivered)
Armour
 b - a cursed +2 robe (worn)
Magical devices
 k - a wand of digging (7)
Comestibles
 n - 5 bread rations
 p - 2 apples
 r - 2 pears
 t - 2 chokos
 B - an orange
 E - a snozzcumber
Scrolls
 g - 4 scrolls of identify
 h - a scroll of amnesia
 m - 4 scrolls of remove curse {unknown}
 o - 3 scrolls of enchant weapon I
 q - 3 scrolls of teleportation
 u - a scroll of enchant weapon II
 y - a scroll of fog
 F - a scroll of blinking
 G - a scroll of magic mapping
Potions
 f - 3 potions of invisibility {unknown}
 i - 5 potions of agility
 l - a potion of restore abilities {unknown}
 x - 3 potions of brilliance
 A - a potion of might
 D - 5 potions of curing
Books
 c - a book of Maledictions

   Spells                             Type                      Level
   Corona                             Hexes                        1
   Sure Blade                         Hexes/Charms                 2
   *Ensorcelled Hibernation           Hexes/Ice                    2
   *Confuse                           Hexes                        3
   Enslavement                        Hexes                        4
   Invisibility                       Hexes                        6
 e - a book of Wizardry

   Spells                             Type                      Level
   Summon Elemental                   Summoning                    4
   Agony                              Necromancy                   5
   Force Lance                        Conjuration                  5
   Fireball                           Conjuration/Fire             5
   Haste                              Charms                       6
   Invisibility                       Hexes                        6
 v - a book of Spatial Translocations

   Spells                             Type                      Level
   Apportation                        Translocation                1
   Portal Projectile                  Translocation                2
   Blink                              Translocation                2
   Shroud of Golubria                 Charms/Translocation         2
   Teleport Other                     Translocation                3
   Passage of Golubria                Translocation                4


   Skills:
 * Level 8.1 Short Blades
 - Level 1.1 Throwing
 - Level 5.5 Dodging
 + Level 9.3 Stealth
 - Level 5.1 Spellcasting
 - Level 5.4 Hexes


You had 12 spell levels left.
You knew the following spells:

 Your Spells              Type           Power        Failure   Level  Hunger
b - Ensorcelled Hibernat  Hex/Ice        ##....       10%         2    #......
c - Confuse               Hex            ###.....     6%          3    ###....


Dungeon Overview and Level Annotations

Branches:
Dungeon (8/27)             Temple (1/1) D:4
    Orc: D:6-11        Lair: D:8-13

Altars:
Ashenzari
Cheibriados
Elyvilon
Fedhas
Kikubaaqudgha
Makhleb
Nemelex Xobeh
Okawaru
Sif Muna
Trog
Vehumet
Xom
Yredelemnul
Zin
the Shining One

Shops:
D:4 %

Annotations:
D:5 Sigmund
D:8 Mortschlag's ghost, experienced GrFi; Psyche


Innate Abilities, Weirdness & Mutations

You are tiny and cannot use many weapons and most armour.
You have supernaturally acute eyesight.
You are a herbivore.
You cover ground extremely quickly.
You need consume almost no food.


Message History

Drink which item? (? for menu, Esc to quit)
You feel better. Psyche hits you with a dagger of chaos.
* * * LOW HITPOINT WARNING * * *
Psyche gestures at you while chanting. The puff of flame hits you!
* * * LOW HITPOINT WARNING * * *
Drink which item? (? for menu, Esc to quit)
You feel much better. Psyche casts a spell at you. The puff of flame hits you!
* * * LOW HITPOINT WARNING * * *
The giant eyeball stares at you. You resist.
Read which item? (? for menu, Esc to quit)
Blink to where?
Press: ? - help, Dir - move target cursor, p - Psyche
As you read the scroll of blinking, it crumbles to dust.
You are very lightly contaminated with residual magic.
Psyche gestures at you while chanting. The puff of flame hits you!
You die...

#.....#..........(
####......(..........
#..........(.........
#.................((.
#####.................... .
####...###..........[.......
.....#......#......<........(....
.......G@...#....................
..........).?...@.(..............
................................
................................
................................
...............................
..................... ....
................... ...
...[........### .. ..## .... .


You could see Psyche (invisible).

Vanquished Creatures
  Menkaure (D:6)
  An orc warrior (D:7)
  2 ice beasts
  2 ogres (D:4)
  2 centaurs
  Duvessa (D:6)
  3 giant frogs
  A wyvern skeleton (D:7)
  3 wights (D:7)
  Dowan (D:6)
  2 crimson imps (D:7)
  2 orc priests
  A basilisk skeleton (D:6)
  2 jellies
  2 orc wizards
  2 worker ants
  An ogre zombie (D:6)
  Ijyb (D:2)
  7 adders
  4 worms
  An inept feature mimic (D:7)
  A goliath beetle zombie (D:4)
  An adder zombie (D:7)
  4 giant geckos
  An ooze (D:3)
  15 orcs
  5 giant cockroaches
  13 goblins
  14 hobgoblins
  11 bats
  10 giant newts
  A goblin skeleton (D:5)
  3 jackals (D:2)
  A jackal zombie (D:6)
  8 kobolds
  A quokka (D:6)
  10 rats
  A rat zombie (D:7)
142 creatures vanquished.

Notes
Turn   | Place    | Note
--------------------------------------------------------------
     0 | D:1      | HungrySpirit, the Spriggan Enchanter, began the quest for the Orb.
     0 | D:1      | Reached XP level 1. HP: 9/9 MP: 4/4
   553 | D:1      | Reached XP level 2. HP: 2/13 MP: 6/6
   579 | D:1      | Learned a level 2 spell: Ensorcelled Hibernation
  1111 | D:2      | Reached skill level 4 in Hexes
  1555 | D:2      | Reached XP level 3. HP: 16/16 MP: 1/9
  1996 | D:2      | Noticed Ijyb
  2005 | D:2      | Killed Ijyb
  2005 | D:2      | Reached XP level 4. HP: 15/21 MP: 12/12
  3525 | D:4      | Found Moach's Food Shop.
  3546 | D:4      | Found a staircase to the Ecumenical Temple.
  3551 | Temple   | Entered the Ecumenical Temple
  3588 | Temple   | Became a worshipper of Warmaster Okawaru
  3709 | D:4      | Learned a level 3 spell: Confuse
  3968 | Temple   | Reached skill level 5 in Hexes
  3968 | Temple   | Reached XP level 5. HP: 18/24 MP: 1/16
  4325 | D:4      | Noticed an ogre
  4373 | D:4      | Noticed an ogre
  4934 | D:4      | Killed an ogre
  4934 | D:4      | Reached skill level 5 in Spellcasting
  4934 | D:4      | Reached XP level 6. HP: 28/28 MP: 1/20
  5290 | D:4      | Killed an ogre
  5333 | D:5      | Entered Level 5 of the Dungeon
  5540 | D:5      | Acquired Okawaru's first power
  5754 | D:5      | Reached skill level 5 in Stealth
  5767 | D:5      | Noticed Sigmund
  6131 | D:6      | Noticed Duvessa
  6132 | D:6      | Noticed Dowan
  6152 | D:6      | Killed Duvessa
  6152 | D:6      | Reached skill level 5 in Dodging
  6152 | D:6      | Reached XP level 7. HP: 27/32 MP: 16/22
  6241 | D:6      | Killed Dowan
  6484 | D:6      | Noticed Menkaure
  6489 | D:6      | Killed Menkaure
  6489 | D:6      | Reached skill level 6 in Stealth
  7034 | D:6      | Reached skill level 5 in Short Blades
  7034 | D:6      | Reached skill level 7 in Stealth
  7353 | D:7      | Reached XP level 8. HP: 36/36 MP: 20/23
  7968 | D:7      | Reached skill level 8 in Stealth
  8413 | D:7      | Found an iron altar of Okawaru.
  8639 | D:8      | Reached skill level 9 in Stealth
  8658 | D:8      | Noticed Mortschlag's ghost (experienced GrFi)
  8962 | D:8      | Noticed Psyche
  8969 | D:8      | Paralysed by a giant eyeball for 4 turns
  8983 | D:8      | Paralysed by a giant eyeball for 2 turns
  8988 | D:8      | Killed from afar by Psyche

Action                   |  1- 3 |  4- 6 |  7- 9 || total
-------------------------+-------+-------+-------++-------
Melee: Dagger            |   109 |   170 |   203 ||   482
Throw: Dart              |    65 |    83 |    21 ||   169
 Cast: Ensorcelled Hiber |     6 |    55 |    19 ||    80
       Confuse           |       |    17 |    32 ||    49
Evoke: Wand              |     1 |     1 |       ||     2
  Use: Potion            |       |     1 |     2 ||     3
       Scroll            |       |    17 |     8 ||    25
 Stab: Sleeping          |     7 |    21 |    23 ||    51
       Confused          |       |     6 |    15 ||    21
       Distracted        |       |     1 |       ||     1
